| 
	| TOP OF THE 1ST | 
|---|
 
		| Kelowna Heat batting - Pitching for Amarillo ThunderHeads : RHP Al Nava |  
		| Pitching: RHP Al Nava |  |  
		| Batting: LHB Adrian Navarro | 0-0: Ball 1-0: Called Strike
 1-1: Foul Ball, location: 2F
 1-2: Strikes out swinging
 |  
		| Batting: RHB Sean Gilbert | 0-0: Ball 1-0: Ball
 2-0: Ball
 3-0: Called Strike
 3-1: DOUBLE  (Line Drive, 9LM, EV 101.2 MPH)
 |  
		| Batting: LHB Oscar Tamayo | 0-0: Foul Ball, location: 2F 0-1: Ball
 1-1: Foul Ball, location: 2F
 1-2: Ball
 2-2: Strikes out swinging
 |  
		| Batting: RHB Armando Ramirez | 0-0: Ball 1-0: Ball
 2-0: Ball
 3-0: Base on Balls
 |  
		| Batting: RHB Mike Storey | 0-0: Foul Ball, location: 2F 0-1: Called Strike
 0-2: Strikes out swinging
 |  
		| Top of the 1st over - 0 runs, 1 hit, 0 errors, 2 left on base; Kelowna 0 - Amarillo 0 |  
	| BOTTOM OF THE 1ST | 
|---|
 
		| Amarillo ThunderHeads batting - Pitching for Kelowna Heat : RHP Mike Zambrano Jr. |  
		| Pitching: RHP Mike Zambrano Jr. |  |  
		| Batting: RHB Sam Voss | 0-0: Swinging Strike 0-1: Ball
 1-1: Ball
 2-1: Foul Ball, location: 2F
 2-2: Foul Ball, location: 2F
 2-2: TRIPLE  (Line Drive, 89XD, EV 105.6 MPH)
 |  
		| Batting: RHB Ryan Salas | 0-0: Ball 1-0: Ball
 2-0: Ground out 5-3 (Groundball, 56, EV 101.2 MPH)
 Sam Voss scores
 |  
		| Batting: LHB Danny Moreno | 0-0: Foul Ball, location: 2F 0-1: Ball
 1-1: Called Strike
 1-2: Ball
 2-2: Foul Ball, location: 2F
 2-2:  Fly out, F8  (Flyball, 8LM, EV 91.9 MPH)
 |  
		| Batting: LHB Carlos Guajardo | 0-0: Ball 1-0:  Fly out, F4  (Popup, 4, EV 59.4 MPH)
 |  
		| Bottom of the 1st over - 1 run, 1 hit, 0 errors, 0 left on base; Kelowna 0 - Amarillo 1 |  
	| TOP OF THE 2ND | 
|---|
 
		| Kelowna Heat batting - Pitching for Amarillo ThunderHeads : RHP Al Nava |  
		| Batting: RHB Matt Wallace | 0-0: Foul Ball, location: 2F 0-1: Called Strike
 0-2: Strikes out looking
 |  
		| Batting: RHB Soichi Kaneshiro | 0-0: Swinging Strike 0-1: Swinging Strike
 0-2: Strikes out swinging
 |  
		| Batting: RHB Glen Limeburner | 0-0: Ball 1-0: Foul Ball, location: 2F
 1-1: Swinging Strike
 1-2: Ball
 2-2: Foul Ball, location: 2F
 2-2: Strikes out swinging
 |  
		| Top of the 2nd over - 0 runs, 0 hits, 0 errors, 0 left on base; Kelowna 0 - Amarillo 1 |  
	| BOTTOM OF THE 2ND | 
|---|
 
		| Amarillo ThunderHeads batting - Pitching for Kelowna Heat : RHP Mike Zambrano Jr. |  
		| Batting: RHB Timotheus Cooper | 0-0: Called Strike 0-1: Ball
 1-1: Ball
 2-1: Swinging Strike
 2-2: Foul Ball, location: 2F
 2-2: Foul Ball, location: 2F
 2-2: Strikes out swinging
 |  
		| Batting: SHB Tyler Romo | 0-0: Ball 1-0: Ball
 2-0: Foul Ball, location: 2F
 2-1: Foul Ball, location: 2F
 2-2: Ball
 3-2: Base on Balls
 |  
		| Batting: RHB Pat Martin | 0-0: Swinging Strike 0-1: Foul Ball, location: 2F
 0-2: Strikes out swinging
 |  
		| Batting: RHB Eddie Vanderjagt | 0-0: Ground out 1-3 (Groundball, P, EV 62.5 MPH) |  
		| Bottom of the 2nd over - 0 runs, 0 hits, 0 errors, 1 left on base; Kelowna 0 - Amarillo 1 |  
	| TOP OF THE 3RD | 
|---|
 
		| Kelowna Heat batting - Pitching for Amarillo ThunderHeads : RHP Al Nava |  
		| Batting: RHB Joe Nelson | 0-0: Ball 1-0: Called Strike
 1-1: Ball
 2-1: Foul Ball, location: 2F
 2-2: Strikes out looking
 |  
		| Batting: LHB Adrian Navarro | 0-0: Foul Ball, location: 2F 0-1: Called Strike
 0-2: Strikes out swinging
 |  
		| Batting: RHB Sean Gilbert | 0-0: Called Strike 0-1: Ball
 1-1: Ball
 2-1: SINGLE  (Flyball, 8LS, EV 88.8 MPH)
 |  
		| Batting: LHB Oscar Tamayo | 0-0: Ball Sean Gilbert steals 2nd base
 1-0: Foul Ball, location: 2F
 1-1: Ball
 2-1: Ball
 3-1: Called Strike
 3-2:  Fly out, F8  (Flyball, 8LM, EV 88.8 MPH)
 |  
		| Top of the 3rd over - 0 runs, 1 hit, 0 errors, 1 left on base; Kelowna 0 - Amarillo 1 |  
	| BOTTOM OF THE 3RD | 
|---|
 
		| Amarillo ThunderHeads batting - Pitching for Kelowna Heat : RHP Mike Zambrano Jr. |  
		| Batting: RHB Jorge Balderama | 0-0: Called Strike 0-1: Ball
 1-1: Foul Ball, location: 2F
 1-2:  Fly out, F8  (Flyball, 8RD, EV 88.8 MPH)
 |  
		| Batting: RHB Sam Voss | 0-0: Swinging Strike 0-1:  Fly out, F7  (Flyball, 7S, EV 86.2 MPH)
 |  
		| Batting: RHB Ryan Salas | 0-0: Foul Ball, location: 2F 0-1: Foul Ball, location: 2F
 0-2: Hit by Pitch
 |  
		| Batting: LHB Danny Moreno | 0-0: Ball 1-0: Foul Ball, location: 2F
 1-1: Foul Ball, location: 2F
 1-2: Foul Ball, location: 2F
 1-2: Ball
 2-2: Ball
 3-2: Ground out U3 (Groundball, 3, EV 83.8 MPH)
 |  
		| Bottom of the 3rd over - 0 runs, 0 hits, 0 errors, 1 left on base; Kelowna 0 - Amarillo 1 |  
	| TOP OF THE 4TH | 
|---|
 
		| Kelowna Heat batting - Pitching for Amarillo ThunderHeads : RHP Al Nava |  
		| Batting: RHB Armando Ramirez | 0-0: Called Strike 0-1: Ball
 1-1: Ball
 2-1: Foul Ball, location: 2F
 2-2: Foul Ball, location: 2F
 2-2: Strikes out looking
 |  
		| Batting: RHB Mike Storey | 0-0: Foul Ball, location: 2F 0-1: Ball
 1-1: Ball
 2-1: Ball
 3-1: Foul Ball, location: 2F
 3-2: Strikes out swinging
 |  
		| Batting: RHB Matt Wallace | 0-0: Ground out 1-3 (Groundball, 25, EV 70.6 MPH) |  
		| Top of the 4th over - 0 runs, 0 hits, 0 errors, 0 left on base; Kelowna 0 - Amarillo 1 |  
	| BOTTOM OF THE 4TH | 
|---|
 
		| Amarillo ThunderHeads batting - Pitching for Kelowna Heat : RHP Mike Zambrano Jr. |  
		| Batting: LHB Carlos Guajardo | 0-0: Ball 1-0: Ball
 2-0: DOUBLE  (Line Drive, 7LM, EV 111.2 MPH)
 |  
		| Batting: RHB Timotheus Cooper | 0-0: SINGLE  (Line Drive, 56D, EV 103.1 MPH) Carlos Guajardo to third
 Runner from 3rd tries for Home, SAFE, throw by LF to home
 |  
		| Batting: SHB Tyler Romo | 0-0: Ball 1-0: Ball
 2-0: Ball
 3-0: Called Strike
 3-1: Base on Balls
 Timotheus Cooper to second
 |  
		| Batting: RHB Pat Martin | 0-0: Ball 1-0: Fielders Choice at 2nd, 4-6 (Groundball, 4M, EV 102.5 MPH)
 Timotheus Cooper to third
 |  
		| Batting: RHB Eddie Vanderjagt | 0-0: Swinging Strike 0-1: SINGLE  (Groundball, 34D, EV 100.0 MPH)
 Timotheus Cooper scores
 Pat Martin to second
 Runner from 2nd tries for 3rd, SAFE, throw by RF made to third
 |  
		| Batting: RHB Jorge Balderama | 0-0: Swinging Strike 0-1: Ball
 Wild Pitch!
 Pat Martin scores
 Eddie Vanderjagt to second
 1-1: Swinging Strike
 1-2: Ball
 2-2: Ball
 3-2: Foul Ball, location: 2F
 3-2: Strikes out swinging
 |  
		| Batting: RHB Sam Voss | 0-0: Ball 1-0: Ground out 4-3 (Groundball, 4, EV 77.5 MPH)
 |  
		| Bottom of the 4th over - 3 runs, 3 hits, 0 errors, 1 left on base; Kelowna 0 - Amarillo 4 |  
	| TOP OF THE 5TH | 
|---|
 
		| Kelowna Heat batting - Pitching for Amarillo ThunderHeads : RHP Al Nava |  
		| Batting: RHB Soichi Kaneshiro | 0-0: Ball 1-0: Swinging Strike
 1-1: SINGLE  (Line Drive, 89M, EV 110.0 MPH)
 |  
		| Batting: RHB Glen Limeburner | 0-0: Ball 1-0: Called Strike
 Soichi Kaneshiro steals 2nd, throwing error, E2
 Soichi Kaneshiro to third
 1-1: Ball
 Wild Pitch!
 Soichi Kaneshiro scores
 2-1: Swinging Strike
 2-2: Strikes out looking
 |  
		| Batting: RHB Joe Nelson | 0-0: Ball 1-0: Foul Ball, location: 2F
 1-1: Foul Ball, location: 2F
 1-2: Strikes out swinging
 |  
		| Batting: LHB Adrian Navarro | 0-0: Ball 1-0: Ball
 2-0: Called Strike
 2-1: Foul Ball, location: 2F
 2-2: Foul Ball, location: 2F
 2-2: Strikes out looking
 |  
		| Top of the 5th over - 1 run, 1 hit, 1 error, 0 left on base; Kelowna 1 - Amarillo 4 |  
	| BOTTOM OF THE 5TH | 
|---|
 
		| Amarillo ThunderHeads batting - Pitching for Kelowna Heat : RHP Mike Zambrano Jr. |  
		| Batting: RHB Ryan Salas | 0-0: Foul Ball, location: 2F 0-1: Ground out U3 (Groundball, 3S, EV 65.6 MPH)
 |  
		| Batting: LHB Danny Moreno | 0-0: Called Strike 0-1: Called Strike
 0-2: Ball
 1-2: Ball
 2-2: Foul Ball, location: 2F
 2-2: Ball
 3-2: Foul Ball, location: 2F
 3-2: Base on Balls
 |  
		| Batting: LHB Carlos Guajardo | 0-0: Ball 1-0: Foul Ball, location: 2F
 1-1: Ball
 2-1: Ball
 3-1: Base on Balls
 Danny Moreno to second
 |  
		| Batting: RHB Timotheus Cooper | 0-0: Ball 1-0: Ball
 2-0: Ball
 3-0: Foul Ball, location: 2F
 3-1: Called Strike
 3-2: Foul Ball, location: 2F
 3-2: Foul Ball, location: 2F
 3-2: SINGLE  (Groundball, 56D, EV 104.4 MPH)
 Danny Moreno to third
 Carlos Guajardo to second
 Runner from 3rd tries for Home, SAFE, throw by LF to home
 |  
		| Pitching: LHP Ricky Coats |  |  
		| Batting: SHB Tyler Romo | 0-0: Ball 1-0: DOUBLE  (Line Drive, 78D, EV 113.1 MPH)
 Carlos Guajardo scores
 Timotheus Cooper to third
 |  
		| Batting: RHB Pat Martin | 0-0: Called Strike 0-1: Called Strike
 0-2: Strikes out swinging
 |  
		| Batting: RHB Eddie Vanderjagt | 0-0: Foul Ball, location: 2F 0-1: Swinging Strike
 0-2: Foul Ball, location: 2F
 0-2: Ball
 1-2: Foul Ball, location: 2F
 1-2: Ball
 2-2: Ball
 3-2: Strikes out swinging
 |  
		| Bottom of the 5th over - 2 runs, 2 hits, 0 errors, 2 left on base; Kelowna 1 - Amarillo 6 |  
	| TOP OF THE 6TH | 
|---|
 
		| Kelowna Heat batting - Pitching for Amarillo ThunderHeads : RHP Al Nava |  
		| Batting: RHB Sean Gilbert | 0-0: Foul Ball, location: 2F 0-1: Ball
 1-1: Foul Ball, location: 2F
 1-2: Ball
 2-2: Ball
 3-2: Strikes out swinging
 |  
		| Batting: LHB Oscar Tamayo | 0-0: Ball 1-0: Ball
 2-0: Called Strike
 2-1: Ball
 3-1: Swinging Strike
 3-2: Base on Balls
 |  
		| Batting: RHB Armando Ramirez | 0-0: Swinging Strike 0-1: Ball
 1-1: Ball
 2-1: Foul Ball, location: 2F
 2-2: Strikes out swinging
 |  
		| Pitching: RHP Jose Ramirez |  |  
		| Batting: RHB Mike Storey | 0-0: Ball 1-0: Ball
 2-0: Foul Ball, location: 2F
 2-1: Foul Ball, location: 2F
 2-2: SINGLE  (Groundball, 6MD, EV 103.8 MPH)
 Oscar Tamayo to second
 |  
		| Batting: RHB Matt Wallace | 0-0: Ball 1-0: Swinging Strike
 1-1: Swinging Strike
 1-2: Ground out 4-3 (Groundball, 4, EV 83.8 MPH)
 |  
		| Top of the 6th over - 0 runs, 1 hit, 0 errors, 2 left on base; Kelowna 1 - Amarillo 6 |  
	| BOTTOM OF THE 6TH | 
|---|
 
		| Amarillo ThunderHeads batting - Pitching for Kelowna Heat : LHP Ricky Coats |  
		| Batting: RHB Jorge Balderama | 0-0: Ball 1-0: Foul Ball, location: 2F
 1-1: Ball
 2-1: Foul Ball, location: 2F
 2-2: Ball
 3-2: Foul Ball, location: 2F
 3-2: DOUBLE  (Line Drive, 78XD, EV 106.9 MPH)
 |  
		| Pitching: RHP Josh Henderson |  |  
		| Batting: RHB Sam Voss | 0-0: Called Strike 0-1: Called Strike
 0-2: Ground out 5-3 (Groundball, 25, EV 92.5 MPH)
 |  
		| Batting: RHB Ryan Salas | 0-0: Swinging Strike 0-1: Ball
 1-1: Foul Ball, location: 2F
 1-2: Foul Ball, location: 2F
 1-2: Ground out 2-3 (Groundball, 2R, EV 67.5 MPH)
 Jorge Balderama to third
 |  
		| Batting: LHB Danny Moreno | 0-0:  2-RUN HOME RUN  (Flyball, 89XD, EV 96.2 MPH), Distance : 385 ft |  
		| Batting: LHB Carlos Guajardo | 0-0: Foul Ball, location: 2F 0-1: Foul Ball, location: 2F
 0-2: Ball
 1-2: Ball
 2-2: Ball
 3-2: DOUBLE  (Flyball, 8LD, EV 97.5 MPH)
 |  
		| Batting: RHB Timotheus Cooper | 0-0: Ball 1-0:  2-RUN HOME RUN  (Flyball, 7D, EV 96.9 MPH), Distance : 376 ft
 |  
		| Batting: SHB Tyler Romo | 0-0: Foul Ball, location: 2F 0-1: Called Strike
 0-2: Strikes out swinging, 2-3 out at first.
 |  
		| Bottom of the 6th over - 4 runs, 4 hits, 0 errors, 0 left on base; Kelowna 1 - Amarillo 10 |  
	| TOP OF THE 7TH | 
|---|
 
		| Kelowna Heat batting - Pitching for Amarillo ThunderHeads : RHP Jose Ramirez |  
		| Batting: RHB Soichi Kaneshiro | 0-0: Called Strike 0-1: Ground out 6-3 (Groundball, 56, EV 81.2 MPH)
 |  
		| Batting: RHB Glen Limeburner | 0-0: Swinging Strike 0-1: Ball
 1-1: Ground out 4-3 (Groundball, 4, EV 81.9 MPH)
 |  
		| Batting: RHB Joe Nelson | 0-0: Ball 1-0: Ground out 6-3 (Groundball, 6, EV 83.8 MPH)
 |  
		| Top of the 7th over - 0 runs, 0 hits, 0 errors, 0 left on base; Kelowna 1 - Amarillo 10 |  
	| BOTTOM OF THE 7TH | 
|---|
 
		| Amarillo ThunderHeads batting - Pitching for Kelowna Heat : RHP Josh Henderson |  
		| Batting: RHB Pat Martin | 0-0: Ball 1-0: Hit by Pitch
 |  
		| Pinch Hitting: RHB Eric Juarez | 0-0: Foul Ball, location: 2F 0-1: Ball
 1-1: Foul Ball, location: 2F
 1-2:  2-RUN HOME RUN  (Flyball, 7D, EV 98.1 MPH), Distance : 377 ft
 |  
		| Pitching: RHP Adrian Franz |  |  
		| Pinch Hitting: RHB Eric Camillo | 0-0: Ball 1-0: Foul Ball, location: 2F
 1-1: Foul Ball, location: 2F
 1-2:  Fly out, F6  (Line Drive, 56D, EV 76.9 MPH)
 |  
		| Batting: RHB Sam Voss | 0-0: Called Strike 0-1: Foul Ball, location: 2F
 0-2: Ball
 1-2: Ground out 6-3 (Groundball, 6, EV 86.9 MPH)
 |  
		| Batting: RHB Ryan Salas | 0-0: Ball 1-0: Ball
 2-0:  Fly out, F8  (Line Drive, 78M, EV 93.1 MPH)
 |  
		| Bottom of the 7th over - 2 runs, 1 hit, 0 errors, 0 left on base; Kelowna 1 - Amarillo 12 |  
	| TOP OF THE 8TH | 
|---|
 
		| Kelowna Heat batting - Pitching for Amarillo ThunderHeads : RHP Jose Ramirez |  
		| Now at 3B: Bill Flannery |  |  
		| Now in LF: Eric Juarez |  |  
		| Batting: LHB Adrian Navarro | 0-0: Ball 1-0: Foul Ball, location: 2F
 1-1: Swinging Strike
 1-2: Strikes out swinging
 |  
		| Pinch Hitting: RHB Tsugio Yamaguchi | 0-0: Foul Ball, location: 2F 0-1:  SOLO HOME RUN  (Line Drive, 9D, EV 98.1 MPH), Distance : 357 ft
 |  
		| Batting: LHB Oscar Tamayo | 0-0: Swinging Strike 0-1: Called Strike
 0-2: Strikes out swinging
 |  
		| Batting: RHB Armando Ramirez | 0-0: Ball 1-0: Ball
 2-0: Ball
 3-0: Called Strike
 3-1: Swinging Strike
 3-2: Strikes out swinging
 |  
		| Top of the 8th over - 1 run, 1 hit, 0 errors, 0 left on base; Kelowna 2 - Amarillo 12 |  
	| BOTTOM OF THE 8TH | 
|---|
 
		| Amarillo ThunderHeads batting - Pitching for Kelowna Heat : RHP Adrian Franz |  
		| Now at 2B: Tsugio Yamaguchi |  |  
		| Now at SS: Matt Wallace |  |  
		| Batting: LHB Danny Moreno | 0-0: Called Strike 0-1: Foul Ball, location: 2F
 0-2: Ball
 1-2: Ball
 2-2: Ball
 3-2:  Fly out, F7  (Flyball, 78D, EV 92.5 MPH)
 |  
		| Pinch Hitting: RHB Adrian Quilantan | 0-0: Hit by Pitch |  
		| Batting: RHB Timotheus Cooper | 0-0: Ball 1-0: Swinging Strike
 1-1: Foul Ball, location: 2F
 1-2: Reached on error, E4 (Groundball, 4, EV 89.4 MPH)
 Adrian Quilantan to second
 |  
		| Batting: SHB Tyler Romo | 0-0: Fielders Choice at 2nd, 6-4 (Groundball, 6, EV 108.8 MPH) Adrian Quilantan to third
 |  
		| Batting: RHB Pat Martin | 0-0: Called Strike 0-1: Called Strike
 0-2: Foul Ball, location: 2F
 0-2: Ball
 1-2: Foul Ball, location: 2F
 1-2: Strikes out swinging
 |  
		| Bottom of the 8th over - 0 runs, 0 hits, 1 error, 2 left on base; Kelowna 2 - Amarillo 12 |  
	| TOP OF THE 9TH | 
|---|
 
		| Kelowna Heat batting - Pitching for Amarillo ThunderHeads : RHP Jose Ramirez |  
		| Now at 1B: Adrian Quilantan |  |  
		| Batting: RHB Mike Storey | 0-0: Called Strike 0-1: Called Strike
 0-2: Ball
 1-2: SINGLE  (Flyball, 6D, EV 84.4 MPH)
 |  
		| Pitching: LHP Matt Hawk |  |  
		| Batting: RHB Matt Wallace | 0-0: Ball 1-0: Called Strike
 1-1: Ball
 2-1: Ball
 3-1: Called Strike
 3-2: Strikes out swinging
 |  
		| Batting: RHB Soichi Kaneshiro | 0-0: Ball 1-0: Called Strike
 1-1: Swinging Strike
 1-2: Foul Ball, location: 2F
 1-2:  Fly out, F2  (Popup, 23F, EV 78.1 MPH)
 |  
		| Pinch Hitting: LHB Dennis Jones | 0-0: Ball 1-0: Foul Ball, location: 2F
 1-1: Called Strike
 1-2: Ball
 2-2:  Fly out, F3  (Popup, 3SF, EV 85.6 MPH)
 |  
		| Top of the 9th over - 0 runs, 1 hit, 0 errors, 1 left on base; Kelowna 2 - Amarillo 12 |  |